 Dungeon Crawl Stone Soup version 0.22-a0-565-gfc6459a (webtiles) character file.

217 theanonym the Skirmisher (level 5, -7/47 HPs)
             Began as a Mummy Abyssal Knight on June 29, 2018.
             Was an Initiate of Gozag.
             Mangled by a small abomination (12 damage)
             ... created by the touch of Lugonu
             ... on level 2 of the Dungeon.
             The game lasted 00:05:33 (3569 turns).

theanonym the Skirmisher (Mummy Abyssal Knight)     Turns: 3569, Time: 00:05:34

Health: -7/47      AC: 10    Str: 17    XL:     5   Next: 62%
Magic:  6/6        EV:  9    Int: 11    God:    Gozag
Gold:   199        SH:  0    Dex: 11    Spells: 4/4 levels left

rFire    x . .     SeeInvis .   a - +2 short sword
rCold    + . .     Gourm    .   (no shield)
rNeg     + + +     Faith    .   f - +0 scale mail
rPois    ∞         Spirit   .   k - +0 helmet
rElec    .         Reflect  .   (no cloak)
rCorr    .         Harm     .   e - +0 pair of gloves
MR       +....                  (no boots)
Stlth    ..........             (no amulet)
HPRegen  0.15/turn              h - ring of protection from magic
MPRegen  0.10/turn              j - +2 ring of protection

@: about to teleport
A: no food or potions, fire vulnerability, cold resistance 1, negative energy
resistance 3, torment resistance, unbreathing
a: Potion Petition, Call Merchant, Bribe Branch, Renounce Religion


Innate Abilities, Weirdness & Mutations

You do not eat or drink.
Your flesh is vulnerable to fire.
You are immune to poison.
Your flesh is cold resistant. (rC+)
You are immune to negative energy. (rN+++)
You are immune to unholy pain and torment.
You can survive without breathing.


   Skills:
 + Level 6.4 Fighting
 - Level 1.5 Short Blades
 - Level 1.5 Armour
 - Level 0.7 Dodging
   Level 1.5 Invocations


You had 4 spell levels left.
You didn't know any spells.
Your spell library was empty.

Skill      XL: |  1  2  3  4  5 |
---------------+----------------+-----
Fighting       | 4 5 6 |  6.4
Short Blades   | |  1.5
Armour         | |  1.5
Dodging        | |  0.7
Invocations    | |  1.5

Action                   |  1- 3 |  4- 6 || total
-------------------------+-------+-------++-------
Melee: Short sword       |   153 |   259 ||   412
Invok: Depart the Abyss  |     1 |       ||     1
  Use: Scroll            |       |     4 ||     4
Armor: Leather armour    |    23 |       ||    23
       Scale mail        |    44 |   157 ||   201
Dodge: Dodged            |   109 |   149 ||   258

Inventory:

Hand Weapons
 a - a +2 short sword (weapon)
Missiles
 g - 14 poisoned needles
Armour
 e - a +0 pair of gloves (worn)
   (You found it on level 1 of the Dungeon)
 f - a +0 scale mail (worn)
   (You found it on level 1 of the Dungeon)
 k - a +0 helmet (worn)
   (You took it off Robin on level 2 of the Dungeon)
Jewellery
 h - a ring of protection from magic (left hand)
   (You found it on level 1 of the Dungeon)
 j - a +2 ring of protection (right hand)
   (You found it on level 3 of the Dungeon)
Scrolls
 d - a scroll of immolation {unknown}
 i - a scroll of enchant weapon
 m - a scroll of identify {unknown}
 n - a scroll of remove curse
 o - a scroll of blinking {unknown}
 t - a scroll of teleportation {!r}


You were on level 2 of the Dungeon.
You worshipped Gozag.
Gozag was aware of your devotion.
You were not hungry.

You visited 1 branch of the dungeon, and saw 3 of its levels.
You visited the Abyss 1 time.

You collected 243 gold pieces.
You paid 44 gold pieces to Gozag.

Dungeon Overview and Level Annotations

Branches:
Dungeon (3/15)

Altars:
Gozag
Qazlal

################## ### ###
#................# #.. #.##
#.####..###.##.#.# #.#
.#.#####.####..# #.##.#.# #.#
#....†......#..###.##.#.# #..
...#####.#..............# #..
#.## #...)...###.##...# ##.. #.#
#.#.....###.##...# #... #.#
#.....>.x@.......# #... #.#
####.######....[.#### #.#. #.#
#.# ##........# #.#. #.# ##+##
#.##.###.# #.#. #.# ##...##
#.##.###.# #.#. #.#### ##.....##
#.#...##.# #... #....###.......##
#.#.#.##.# ##..
..###.#.........###.....##.####.#
.†# #.'....>....+................


You could see a small abomination.

Notes
Turn   | Place    | Note
-------+----------+-------------------------------------------
     0 | Abyss:1  | theanonym the Mummy Abyssal Knight began the quest for the Orb.
     0 | Abyss:1  | Reached XP level 1. HP: 18/18 MP: 2/2
    43 | Abyss:1  | Noticed an ancient zyme
    44 | Abyss:1  | Noticed a starcursed mass
    47 | Abyss:1  | Noticed a hellwing
    53 | D:1      | Escaped the Abyss
   343 | D:1      | HP: 9/18 [hobgoblin (4)]
   493 | D:1      | HP: 9/18 [leopard gecko (3)]
   504 | D:1      | HP: 8/18 [leopard gecko (2)]
   510 | D:1      | Reached XP level 2. HP: 7/24 MP: 3/3
   512 | D:1      | HP: 6/24 [frilled lizard (1)]
   536 | D:1      | HP: 5/25 [bat (1)]
   537 | D:1      | Reached * piety under Lugonu
   793 | D:1      | HP: 11/25 [rat (2)]
   975 | D:1      | Reached skill level 4 in Fighting
  1299 | D:1      | Reached XP level 3. HP: 30/30 MP: 4/4
  1538 | D:2      | HP: 11/30 [worker ant (5)]
  1544 | D:2      | HP: 10/30 [worker ant (1)]
  1742 | D:2      | Noticed Robin
  1898 | D:1      | Reached XP level 4. HP: 36/38 MP: 5/5
  2030 | D:1      | Reached skill level 5 in Fighting
  2075 | D:2      | HP: 19/39 [Robin/mace (2)]
  2082 | D:2      | Killed Robin
  2082 | D:2      | Reached ** piety under Lugonu
  2427 | D:2      | Found a stormy altar of Qazlal.
  2431 | D:2      | Noticed a fire elemental
  2432 | D:2      | Noticed an air elemental
  2432 | D:2      | Noticed an earth elemental
  2432 | D:2      | Noticed a water elemental
  2873 | D:3      | Found an opulent altar of Gozag.
  2901 | D:3      | HP: 19/39 [worm (7)]
  2978 | D:3      | Fell from the grace of Lugonu
  2978 | D:3      | Became a worshipper of Gozag Ym Sagoz the Greedy
  3108 | D:3      | Reached XP level 5. HP: 42/46 MP: 6/6
  3121 | D:3      | Reached skill level 6 in Fighting
  3331 | D:3      | HP: 23/46 [orc (1)]
  3336 | D:3      | HP: 21/46 [orc (3)]
  3447 | D:3      | Noticed Jessica
  3539 | D:3      | Killed Jessica
  3554 | D:3      | Noticed a small abomination
  3566 | D:2      | HP: 11/47 [small abomination[the touch of Lugonu] (15)]
  3568 | D:2      | HP: 5/47 [small abomination[the touch of Lugonu] (6)]
  3569 | D:2      | Mangled by a small abomination

Vanquished Creatures
  An orc wizard (D:3)
  Jessica (D:3)
  A worker ant (D:2)
  Robin (D:2)
  An adder (D:3)
  An ooze (D:1)
  3 worms
  4 leopard geckos
  11 orcs
  3 ball pythons
  2 giant cockroaches
  11 goblins
  8 hobgoblins
  4 jackals (D:2)
  10 kobolds
  3 quokkas
  15 bats
  2 frilled lizards
  10 rats
92 creatures vanquished.

Table legend:
 A = Turns spent in this place as a percentage of turns spent in the entire game.
 B = Non-inter-level travel turns spent in this place as a percentage of non-inter-level travel turns spent in the entire game.
 C = Inter-level travel turns spent in this place as a percentage of turns spent in this place.
 D = Turns resting spent in this place as a percentage of non-inter-level travel turns spent in this place.
 E = Turns spent auto-exploring this place as a percentage of non-inter-level travel turns spent in this place.
 F = Non-inter-level travel turns spent in this place divided by the number of levels of this place that you've seen.
                   A       B       C       D       E      F
               +-------+-------+-------+-------+-------+----------------------
         Total | 100.0 | 100.0 |   1.0 |  42.7 |  34.3 | 883.8
       Dungeon |  98.5 |  98.5 |   1.0 |  43.4 |  33.9 | 1160.7
         Abyss |   1.5 |   1.5 |   0.0 |   0.0 |  58.5 |  53.0
               +-------+-------+-------+-------+-------+----------------------
